 Dungeon Crawl Stone Soup version 0.21-a0-538-gd16b88a (webtiles) character file.

261 AverageBear the Cutter (level 5, 0/31 HPs)
             Began as a Deep Elf Fighter on Dec 15, 2017.
             Slain by an ogre
             ... wielding a +0 giant spiked club
              (19 damage)
             ... on level 4 of the Dungeon.
             The game lasted 00:03:52 (3885 turns).

AverageBear the Cutter (Deep Elf Fighter)           Turns: 3885, Time: 00:03:53

Health: 0/31       AC:  8    Str: 14    XL:     5   Next: 96%
Magic:  7/7        EV: 10    Int: 13    God:
Gold:   118        SH:  4    Dex: 14    Spells: 4/4 levels left

rFire    + . .     SeeInvis .   a - +2 rapier
rCold    . . .     Gourm    .   r - +0 buckler
rNeg     . . .     Faith    .   j - +2 scale mail {MR+}
rPois    .         Spirit   .   (no helmet)
rElec    .         Reflect  .   (no cloak)
rCorr    .         Harm     .   (no gloves)
MR       +....                  (no boots)
Stlth    ..........             o - amulet of magic regeneration
HPRegen  0.10/turn              (no ring)
MPRegen  0.35/turn              k - ring of protection from fire

@: no status effects
A: no striking features
a: no special abilities


You were on level 4 of the Dungeon.
You were hungry.

You visited 1 branch of the dungeon, and saw 4 of its levels.

You collected 118 gold pieces.

Inventory:

Hand Weapons
 a - a +2 rapier (weapon)
Armour
 j - a +2 scale mail of magic resistance (worn)
 r - a +0 buckler (worn)
Jewellery
 k - a ring of protection from fire (right hand)
 o - an amulet of magic regeneration (around neck)
Scrolls
 g - 2 scrolls of remove curse
 i - a scroll of enchant armour
 l - 3 scrolls of teleportation
Potions
 c - a potion of haste
 e - 4 potions of curing
 m - a potion of flight
Comestibles
 b - a royal jelly
 f - 2 bread rations
 n - 3 meat rations
 q - 6 fruits


   Skills:
 - Level 2.4 Fighting
 - Level 5.2 Short Blades
 - Level 2.4 Armour
 + Level 3.8 Dodging
 - Level 2.4 Shields


You had 4 spell levels left.
You didn't know any spells.

Dungeon Overview and Level Annotations

Branches:
Dungeon (4/15)
 Temple: D:4-7

Altars:


Message History

You open the door.
The giant cockroach falls off the door.
A giant cockroach comes into view.
A giant cockroach is nearby!
A giant cockroach is nearby!
A giant cockroach is nearby!
You hit the giant cockroach.
The giant cockroach is moderately wounded.
The giant cockroach bites you but does no damage.
You hit the giant cockroach.
You kill the giant cockroach!
You hit the ogre.
The ogre is lightly wounded.
The ogre hits you with a giant spiked club!
You hit the ogre.
The ogre is moderately wounded.
You puncture the ogre!
The ogre is heavily wounded.
The ogre hits you with a giant spiked club!!
Ouch! That really hurt!
You die...

#..#...............
#..#...............
#..#...............
#..#......##+.#....
#..#......*,,O#####
#..#......*,,..,,,,
#..#......*,,,..,,,
#.O#......*,,,...,,
#.@#,,....*,,,,,,,,
#..#,.....*,,,,,,,,
#..#......*,,,,,,,,
#..†......*,,,,,,,,
#..#......*,,,**,,,
#..#......*,,,*****
#..#,.....*,,,**,,,
#..#,.....*,,,,,,,,
#..+,,....+,,,,,,,,


You could see an ogre.

Vanquished Creatures
  The ghost of chris0x the Ducker, an amateur SpCK of Xom (D:3)
  A crimson imp (D:2)
  A howler monkey skeleton (D:4)
  6 adders
  3 dart slugs
  12 orcs
  6 giant cockroaches
  6 goblins
  11 hobgoblins
  4 jackals (D:3)
  5 kobolds
  A quokka (D:2)
  A ball python (D:1)
  12 bats
  A frilled lizard (D:3)
  6 rats
77 creatures vanquished.

Notes
Turn   | Place    | Note
-------+----------+-------------------------------------------
     0 | D:1      | AverageBear the Deep Elf Fighter began the quest for the Orb.
     0 | D:1      | Reached XP level 1. HP: 13/13 MP: 3/3
   432 | D:1      | Reached XP level 2. HP: 18/18 MP: 4/4
   465 | D:1      | Reached skill level 3 in Short Blades
  1312 | D:2      | Reached XP level 3. HP: 13/22 MP: 5/5
  1861 | D:2      | Reached skill level 4 in Short Blades
  2032 | D:2      | Reached XP level 4. HP: 23/27 MP: 6/6
  2592 | D:2      | Reached skill level 5 in Short Blades
  3045 | D:3      | Noticed chris0x's ghost (amateur SpCK)
  3054 | D:3      | Paralysed by chris0x's ghost for 2 turns
  3065 | D:3      | Reached XP level 5. HP: 31/31 MP: 7/7
  3075 | D:3      | Killed chris0x's ghost
  3492 | D:3      | Found a faded altar of an unknown god.
  3817 | D:4      | Noticed an ogre
  3885 | D:4      | Slain by an ogre

Vault maps used:
D:1:      shiori_arrival_oz
D:2:      kennysheep_generic_room_9
D:3:      chequers_ecumenical_altar_twisty, bh_chokoban, st_stairs_7,
          grunt_ministairs_10
D:4:      kennysheep_ying_yang, led_sif_book, first_bread

Skill      XL: |  1  2  3  4  5 |
---------------+----------------+-----
Short Blades   | 3 4 5 |  5.2
Dodging        | 3 |  3.8
Fighting       | |  2.4
Armour         | |  2.4
Shields        | |  2.4

Action                   |  1- 3 |  4- 6 || total
-------------------------+-------+-------++-------
Melee: Rapier            |   142 |   188 ||   330
  Use: Scroll            |     4 |     8 ||    12
       Potion            |       |     4 ||     4
  Eat: Chunk             |     4 |     5 ||     9
Armor: Scale mail        |    69 |   109 ||   178
Dodge: Dodged            |    31 |    80 ||   111
Block: Shield            |    63 |    76 ||   139
       Buckler           |       |    19 ||    19

Table legend:
 A = Spawn XP
 B = Non-spawn XP
 C = Spawn XP percentage of total XP
 D = Spawn monster count
 E = Non-spawn monster count
 F = Spawn count percentage of total count
 G = Total turns spent on level
                    A         B        C        D         E        F      G
               +---------+---------+-------+---------+---------+-------+---------
         Total |       0 |     373 |   0.0 |       0 |      77 |   0.0 |  3885
               +---------+---------+-------+---------+---------+-------+---------
           D:1 |       0 |      28 |   0.0 |       0 |      15 |   0.0 |  1249
           D:2 |       0 |     154 |   0.0 |       0 |      35 |   0.0 |  1737
           D:3 |       0 |     175 |   0.0 |       0 |      25 |   0.0 |   831
           D:4 |       0 |      16 |   0.0 |       0 |       2 |   0.0 |    68
               +---------+---------+-------+---------+---------+-------+---------
